 Dungeon Crawl Stone Soup version 0.32-a0-541-gaa138b5 (webtiles) character file.

Game seed: 15158423714042591218

3591 dubedull the Severer (level 9, -8/71 HPs)
             Began as a Minotaur Fighter on Feb 28, 2024.
             Was a Follower of Beogh.
             Mangled by a +2 spectral quarterstaff (9 damage)
             ... created by Joseph
             ... on level 8 of the Dungeon.
             The game lasted 00:14:41 (6998 turns).

dubedull the Severer (Minotaur Fighter)             Turns: 6998, Time: 00:14:41

Health: -8/71      AC: 12    Str: 25    XL:     9   Next: 85%
Magic:  8/8        EV: 11    Int:  5    God:    Beogh [*.....]
Gold:   42         SH:  4    Dex: 10    Spells: 8/8 levels left

rFire   . . .        j - +5 war axe
rCold   . . .        c - +0 buckler
rNeg    . . .        B - +0 plate armour
rPois   .            (helmet restricted)
rElec   .            (no cloak)
rCorr   .            y - +0 pair of gloves
SInv    .            (no boots)
Will    .....        (no amulet) Stlth
                     e - +5 ring of evasion
HPRegen 0.31/turn    (no ring)
MPRegen 0.11/turn

%: no passive effects
@: mighty
A: horns 2, retaliatory headbutt
a: Renounce Religion


You were on level 8 of the Dungeon.
You worshipped Beogh.
Beogh was aware of your devotion.
You visited 2 branches of the dungeon, and saw 9 of its levels.

You collected 300 gold pieces.
You spent 258 gold pieces at shops.

Inventory:

Hand Weapons
 a - a +1 war axe
 j - a +5 war axe (weapon)
 D - a +0 morningstar
Missiles
 f - 35 poisoned darts (quivered)
 h - 3 throwing nets
 q - 2 boomerangs
 r - 5 javelins
Armour
 c - a +0 buckler (worn)
 y - a +0 pair of gloves (worn)
 B - a +0 plate armour (worn)
Jewellery
 b - the ring "Suhurag" {Ice rElec rCorr Str+7 Dex-3}
   (You found it on level 7 of the Dungeon)

   [ring of ice]

   Ice:       It enhances your ice magic.
   Str+7:     It affects your strength (+7).
   Dex-3:     It affects your dexterity (-3).
   rF-:       It makes you vulnerable to fire.
   rC+:       It protects you from cold.
   rElec:     It insulates you from electricity.
   rCorr:     It protects you from acid and corrosion.
 e - a +5 ring of evasion (left hand)
Wands
 g - a wand of flame (10)
 k - a wand of polymorph (3)
 m - a wand of paralysis (21)
 n - a wand of warping (4)
Scrolls
 p - a scroll of teleportation {unknown}
 u - 4 scrolls of blinking
 v - a scroll of revelation {unknown}
 C - a scroll of amnesia
Potions
 d - 2 potions of mutation
 i - 2 potions of curing
 l - a potion of attraction {unknown}
 o - 2 potions of resistance
 s - a potion of heal wounds {unknown}
 t - a potion of magic {unknown}
 x - 2 potions of berserk rage
 A - a potion of brilliance {unknown}


   Skills:
 - Level 3.8 Fighting
 * Level 15.7 Axes
 - Level 1.2 Throwing
 - Level 3.8 Armour
 - Level 1.3 Stealth
 - Level 3.7 Shields
 - Level 3.0 Evocations


You had 8 spell levels left.
You didn't know any spells.
Your spell library contained the following spells:

 Spells                   Type           Power      Damage    Failure   Level
 Static Discharge         Conj/Air       0%         3-3/arc   100%        2
 Airstrike                Air            0%         2d(0-16)  100%        4
 Summon Lightning Spire   Summ/Air       0%         N/A       100%        4


Dungeon Overview and Level Annotations

Branches:
Dungeon (8/15)             Temple (1/1) D:4
   Lair: D:8-11

Altars:
Ashenzari
Cheibriados
Dithmenos
Fedhas
Gozag
Hepliaklqana
Makhleb
Nemelex Xobeh
Okawaru
Qazlal
Ru
Sif Muna
Trog
Uskayaw
Vehumet
Wu Jian
Xom
Yredelemnul
Zin
The Shining One

Shops:
D:6 *

Annotations:
D:8 Joseph


Innate Abilities, Weirdness & Mutations

You have a pair of horns on your head.
You reflexively headbutt those who attack you in melee.


Message History

Found 4 large rocks.
Found an escape hatch in the floor.
Joseph, a Mercenary comes into view.
He is wielding a +2 spectral quarterstaff.
Joseph unwields a +2 spectral quarterstaff.
Joseph wields a +0 sling.
Joseph shoots a sling bullet.
The sling bullet hits you!
Joseph is nearby!
Joseph is nearby!
Joseph shoots a sling bullet.
The sling bullet hits you!
Joseph shoots a sling bullet.
The sling bullet hits you!
You are too injured to fight recklessly!
You are too injured to fight recklessly!
You are too injured to fight recklessly!
Okay, then.
Aiming: Warp Space
Press: ? - help, Shift-Dir - straight line, f - Joseph
Aim: Joseph, wielding a +0 sling and wearing a +0 leather armour Space twists violently!
The rupture engulfs Joseph!
Joseph is lightly wounded.
Joseph shoots a sling bullet.
The sling bullet hits you!
Joseph unwields a +0 sling.
Joseph wields a +2 spectral quarterstaff.
Joseph hits you with a +2 spectral quarterstaff.
You block the +2 spectral quarterstaff's attack.
A +2 spectral quarterstaff comes into view.
You barely miss Joseph. You headbutt Joseph!
Joseph is moderately wounded.
You hit the +2 spectral quarterstaff but do no damage.
You barely miss Joseph.
Joseph is moderately wounded.
You slash the +2 spectral quarterstaff!
Joseph shares his spectral weapon's damage!
You block Joseph's attack. The +2 spectral quarterstaff hits you!
* * * LOW HITPOINT WARNING * * *
You feel very mighty all of a sudden.
Joseph sighs, "Being a guard is usually so boring..."
Joseph hits you with a +2 spectral quarterstaff!
* * * LOW HITPOINT WARNING * * *
The +2 spectral quarterstaff hits you!
You die...

.(.#.###.###########
####...............#
#.###.###........
####.###.###.####...
.......#.##....>..##
#.####.#.##..####.#
...# #.##..# .# .#.#
.#.##..####(####
.#..............@@...#
.#.......###.####....#
#####.... #.# ....# #
.... #.# ....... .#
...# ... ...#.#. .# ##
#.. .... # ... ###
##.## .... .# #.##


You could see Joseph and a +2 spectral quarterstaff.

Vanquished Creatures
  A two-headed ogre (D:7)
  Sigmund (D:4)
  A shadow (D:7)
  A steam dragon (D:3)
  Duvessa (D:4)
  An orc warrior (D:7)
  2 black bears
  2 ogres
  2 centaurs
  3 kobold brigands
  3 bullfrogs
  3 scorpions
  A gnoll sergeant (D:5)
  Dowan (D:4)
  5 wights (D:6)
  6 bombardier beetles
  2 jellies
  2 hounds
  2 orc priests
  2 iguanas (D:6)
  2 sleepcaps
  Jessica (D:2)
  5 orc wizards
  8 gnolls
  9 adders
  3 white imps
  A ribbon worm (D:4)
  3 dart slugs
  22 orcs
  3 ball pythons
  6 endoplasms
  2 giant cockroaches
  10 goblins
  8 hobgoblins
  16 kobolds
  6 quokkas
  9 bats
  A frilled lizard (D:1)
  6 rats
163 creatures vanquished.

Vanquished Creatures (others)
  An orc (D:7)
1 creature vanquished.

Grand Total: 164 creatures vanquished

Notes
Turn   | Place    | Note
-------+----------+-------------------------------------------
     0 | D:1      | dubedull the Minotaur Fighter began the quest for the Orb.
     0 | D:1      | Reached XP level 1. HP: 19/19 MP: 0/0
   204 | D:1      | Reached XP level 2. HP: 27/27 MP: 1/1
   238 | D:1      | Reached skill level 3 in Axes
   249 | D:1      | You fall into a shaft and drop 1 floor!
   363 | D:2      | Reached XP level 3. HP: 26/33 MP: 2/2
   449 | D:2      | Noticed an eye of devastation
   452 | D:2      | Found a faded altar of an unknown god.
   454 | D:2      | Noticed a great orb of eyes
   454 | D:2      | Noticed a glass eye
   454 | D:2      | Noticed a golden eye
   592 | D:2      | Reached skill level 4 in Axes
   703 | D:2      | Noticed Jessica
   709 | D:2      | Killed Jessica
   729 | D:2      | Reached skill level 5 in Axes
   729 | D:2      | Reached XP level 4. HP: 40/40 MP: 3/3
   966 | D:2      | Found an iron altar of Okawaru.
  1953 | D:3      | Found a sacrificial altar of Ru.
  1954 | D:3      | Found a basalt altar of Yredelemnul.
  1956 | D:3      | Found a shadowy altar of Dithmenos.
  1956 | D:3      | Noticed a steam dragon
  1972 | D:3      | Killed a steam dragon
  1973 | D:3      | Reached skill level 6 in Axes
  1973 | D:3      | Reached XP level 5. HP: 8/46 MP: 4/4
  2210 | D:3      | Reached skill level 7 in Axes
  2774 | D:4      | Reached XP level 6. HP: 52/52 MP: 5/5
  2804 | D:4      | Found a staircase to the Ecumenical Temple.
  2824 | Temple   | Entered the Ecumenical Temple
  2904 | D:4      | Reached skill level 8 in Axes
  3053 | D:4      | Noticed Duvessa
  3053 | D:4      | Noticed Dowan
  3100 | D:4      | Killed Duvessa
  3101 | D:4      | Reached skill level 9 in Axes
  3101 | D:4      | Reached XP level 7. HP: 27/58 MP: 6/6
  3103 | D:4      | Killed Dowan
  3362 | D:4      | Reached skill level 1 in Stealth
  3509 | D:4      | Noticed Sigmund
  3512 | D:4      | Reached skill level 10 in Axes
  3518 | D:4      | Killed Sigmund
  3771 | D:5      | Entered Level 5 of the Dungeon
  3783 | D:5      | Reached XP level 8. HP: 50/66 MP: 7/7
  3785 | D:5      | Reached skill level 11 in Axes
  4518 | D:5      | Became a worshipper of Beogh the Shepherd
  4567 | D:5      | Reached skill level 12 in Axes
  4987 | D:6      | Reached skill level 13 in Axes
  5038 | D:6      | Reached skill level 1 in Throwing
  5129 | D:6      | Reached XP level 9. HP: 22/70 MP: 8/8
  5377 | D:6      | Reached skill level 1 in Evocations
  5510 | D:6      | Found Cenkar's Assorted Antiques.
  5522 | D:6      | Bought a scroll labelled CIONOZ CIKHLI for 24 gold pieces
  5522 | D:6      | Bought 2 scrolls of identify for 96 gold pieces
  5522 | D:6      | Bought a fizzy yellow potion for 21 gold pieces
  5522 | D:6      | Bought a fizzy yellow potion for 21 gold pieces
  5522 | D:6      | Bought a potion of might for 96 gold pieces
  5626 | D:6      | Identified the +11 long sword "Cagh" {flame, rC+ Str+3
                  | Int-4}
  5733 | D:7      | Reached * piety under Beogh
  5785 | D:7      | Reached skill level 14 in Axes
  6080 | D:7      | Identified the ring "Suhurag" {Ice rElec rCorr Str+7 Dex-3}
  6447 | D:7      | Noticed a two-headed ogre
  6748 | D:7      | Killed a two-headed ogre
  6749 | D:7      | Reached skill level 15 in Axes
  6892 | D:8      | Identified the +7 trident "Busimew" {freeze, +Blink rN+
                  | Str+3 Int-2}
  6899 | D:8      | Found a burning altar of Makhleb.
  6990 | D:8      | Noticed Joseph
  6998 | D:8      | HP: 1/71 [Joseph/+2 spectral quarterstaff (11)]
  6998 | D:8      | Mangled by a +2 spectral quarterstaff

Illustrated notes

Levels and vault maps discovered:
D:1:      mainiacjoe_arrival_oval_in_oval, layout_basic
D:2:      layout_loops_corners, basic_altar,
          hellmonk_ecumenical_altar_watching_god, uniq_jessica
D:3:      layout_basic, chequers_temple_overflow_statue_of_worship,
          serial_bayou_pond_e
D:4:      cheibrodos_thug_alley, layout_basic, minmay_temple_entry_antechambers,
          uniq_duvessa, uniq_sigmund
D:5:      layout_rooms
D:6:      layout_cave_pools, serial_shops, nicolae_shop_tiny_glass
D:7:      minmay_chambers_of_sixes, layout_loops_ring
D:8:      layout_loops_ring, nicolae_overflow_crystal_walls,
          mainiacjoe_overflow_tiny_flanked, serial_bayou_ford_a,
          minmay_lindwurm_lava, uniq_joseph
Temple:   minmay_temple_bridge_d

Skill      XL: |  1  2  3  4  5  6  7  8  9 |
---------------+----------------------------+-----
Axes           | 3 5 6 7 9 10 13 15 | 15.7
Stealth        | 1 |  1.3
Throwing       | 1 |  1.2
Evocations     | 3 |  3.0
Fighting       | |  3.8
Armour         | |  3.8
Shields        | |  3.7

Action                     |  1- 3 |  4- 6 |  7- 9 || total
---------------------------+-------+-------+-------++-------
  Melee: War axe           |    65 |   102 |   200 ||   367
         Headbutt          |     7 |    11 |    41 ||    59
  Throw: Dart              |       |       |    11 ||    11
 Invoke: Convert to Beogh  |       |       |     1 ||     1
  Evoke: Wand              |       |     2 |     2 ||     4
    Use: Potion            |       |     3 |     1 ||     4
         Scroll            |       |     1 |     8 ||     9
 Armour: Scale mail        |    45 |    74 |   105 ||   224
         Plate armour      |       |       |    27 ||    27
  Dodge: Dodged            |    37 |    60 |   126 ||   223
  Block: Buckler           |    14 |    28 |    45 ||    87

Table legend: (Time is in decaauts)
 A = Elapsed time spent in this place.
 B = Non-inter-level travel time spent in this place.
 C = Inter-level travel time spent in this place.
 D = Time resting spent in this place.
 E = Time spent auto-exploring this place.
 F = Levels seen in this place.
 G = Mean time per level.
                   A        B        C        D        E       F      G
               +--------+--------+--------+--------+--------+-----+--------+
         Total |   7027 |   6647 |    380 |    843 |   4616 |   9 |  780.8 |
       Dungeon |   6993 |   6617 |    376 |    843 |   4592 |   8 |  874.1 |
        Temple |     33 |     29 |      4 |      0 |     24 |   1 |   33.0 |
               +--------+--------+--------+--------+--------+-----+--------+

Top non-repeatable levels by time:
     D:5: 1160 daAuts
     D:4: 1055 daAuts
     D:2: 1007 daAuts
     D:7: 1006 daAuts
     D:3: 966 daAuts
     D:6: 922 daAuts
     D:1: 753 daAuts
     D:8: 119 daAuts
  Temple: 33 daAuts
